Map: [ESL] Gresvan

Players

eGGz

  • Race: Zerg Zerg
  • Spawn Location: 5:00

Astrea - Winner!

  • Race: Protoss Protoss
  • Spawn Location: 11:00

Event: ESL SC2 Masters 2023 Summer (Regionals)

VOD

Have the link to the VOD?

Description

Time

  • Played on: May 14, 2023, 2:13 p.m.
  • Length: 13:40

All games in this series

Show
View Real Time Build Order
Export as new Build Order

eGGz Zerg 

Build Orders: Hatch First 

Get SALT Encoding   

  12  0:00  Drone  
  13  0:12  Overlord  
  13  0:17  Drone  
  14  0:31  Drone x2  
  16  0:44  Drone  
  17  0:51  Hatchery  
  17  0:56  Drone  
  17  1:00  Drone  
  18  1:04  Extractor  
  18  1:06  Drone  
  18  1:19  Drone  
  19  1:30  Drone, Spawning Pool  
  19  1:39  Drone  
  20  1:50  Overlord  
  20  2:08  Drone  
  20  2:09  Drone  
  20  2:11  Drone  
  23  2:17  Queen x2  
  23  2:18  Zergling x2  
  23  2:20  Metabolic Boost  
  28  2:26  Zergling x2  
  28  2:29  Drone  
  30  2:40  Drone  
  31  2:46  Hatchery  
  31  2:47  Overlord  
  31  2:49  Drone  
  31  2:52  Drone  
  32  2:59  Queen  
  32  3:03  Overlord  
  34  3:07  Zergling x4  
  35  3:13  Spore Crawler  
  35  3:15  Drone  
  35  3:16  Drone  
  37  3:20  Drone  
  37  3:24  Drone  
  38  3:27  Queen  
  38  3:30  Drone x2  
  38  3:31  Drone  
  43  3:36  Drone x2  
  45  3:43  Zergling x6  
  48  3:49  Overlord  
  48  3:52  Spore Crawler  
  48  3:53  Spore Crawler  
  48  3:55  Drone  
  47  3:59  Drone  
  47  4:02  Spore Crawler  
  45  4:05  Drone x4  
  45  4:07  Drone  
  45  4:08  Drone  
  48  4:13  Drone x2  
  48  4:14  Drone  
  48  4:16  Drone  
  52  4:21  Drone  
  52  4:23  Drone  
  54  4:27  Drone  
  55  4:33  Roach Warren  
  55  4:34  Drone  
  55  4:35  Drone  
  55  4:36  Queen  
  58  4:40  Overlord  
  58  4:41  Drone  
  59  4:46  Drone x4  
  63  4:56  Drone x3  
  63  4:57  Overlord  
  63  4:58  Overlord  
  67  5:00  Drone  
  66  5:07  Drone x3  
  66  5:08  Drone x3  
  71  5:14  Zergling x4  
  71  5:15  Zergling x8  
  71  5:16  Extractor  
  76  5:23  Queen  
  76  5:24  Lair  
  76  5:27  Drone x5  
  76  5:28  Extractor x2  
  81  5:38  Hatchery  
  81  5:40  Overlord  
  81  5:41  Drone x3  
  83  5:44  Evolution Chamber  
  83  5:48  Drone x2  
  83  5:49  Extractor x2  
  80  5:50  Overlord  
  80  5:54  Zergling x16  
  81  5:58  Roach x2  
  81  6:01  Roach  
  86  6:06  Roach  
  88  6:11  Zerg Missile Weapons Level 1  
  88  6:17  Zergling x12  
  94  6:23  Roach x5  
  94  6:24  Hatchery  
  94  6:25  Overlord  
  103  6:29  Zergling x4  
  103  6:30  Overlord  
  103  6:32  Roach  
  99  6:38  Roach  
  95  6:41  Roach  
  95  6:44  Zergling x4  
  97  6:51  Drone x4  
  97  6:52  Hydralisk Den  
  97  6:53  Drone x2  
  102  6:59  Roach x3  
  106  7:10  Roach  
  106  7:11  Roach x2  
  106  7:13  Pneumatized Carapace  
  112  7:21  Drone x3, Overlord  
  111  7:31  Muscular Augments  
  111  7:38  Drone  
  111  7:39  Drone x7  
  111  7:40  Drone  
  111  7:44  Hydralisk x2  
  120  7:47  Hydralisk x2  
  120  7:50  Hatchery  
  127  7:51  Hydralisk  
  127  7:52  Hydralisk x3  
  127  7:58  Overlord  
  135  8:00  Overlord x4  
  133  8:05  Overlord  
  133  8:08  Glial Reconstitution  
  133  8:09  Zerg Missile Weapons Level 2  
  133  8:14  Overseer  
  133  8:19  Roach x7  
  143  8:27  Drone x4  
  143  8:28  Drone x6  
  155  8:34  Roach x6  
  155  8:40  Overlord  
  159  8:42  Grooved Spines  
  159  8:45  Hydralisk x4  
  167  8:50  Hydralisk x2  
  167  8:54  Zergling x14  
  176  9:00  Overlord  
  172  9:08  Hatchery  
  171  9:11  Infestation Pit  
  170  9:19  Hydralisk x5  
  179  9:26  Hydralisk  
  179  9:27  Hydralisk x2  
  179  9:30  Drone x2  
  179  9:31  Drone  
  170  9:39  Hydralisk x2  
  170  9:44  Hydralisk  
  170  9:45  Zergling x22  
  184  9:49  Drone x3  
  183  10:04  Hydralisk x6  
  164  10:16  Hydralisk  
  164  10:17  Hydralisk x3  
  164  10:21  Zergling x16  
  164  10:25  Roach x2  
  173  10:32  Roach x4  
  174  10:38  Roach x2  
  170  10:49  Hydralisk x4  
  143  10:50  Zergling x10  
  143  10:52  Drone  
  143  10:53  Drone  
  146  11:01  Roach x5  
  132  11:12  Hydralisk x2, Roach  
  132  11:13  Roach  
  132  11:14  Overlord  
  134  11:18  Overseer  
  134  11:20  Roach x3  
  129  11:26  Roach x3, Zergling x2  
  129  11:27  Zergling x8  
  129  11:32  Queen  
  136  11:35  Zergling x6  
  136  11:36  Zergling x4  
  141  11:44  Roach  
  141  11:45  Roach x3  
  147  11:52  Hydralisk x3  
  153  12:00  Queen  
  153  12:01  Queen  
  149  12:12  Hydralisk x4  
  149  12:14  Overlord  
  149  12:15  Drone x3  
  160  12:23  Hydralisk x2  
  160  12:26  Queen x2  
  166  12:30  Overlord  
  165  12:42  Hydralisk x5  
  175  12:45  Overlord  
  175  12:48  Hydralisk, Zergling x2  
  175  12:49  Zergling x2  
  179  12:52  Overlord  
  179  12:55  Hydralisk  
  179  12:56  Roach  
  178  13:03  Hydralisk  
  178  13:04  Hydralisk, Roach x2  
  181  13:09  Overseer  
  153  13:24  Drone x2  
  153  13:25  Drone  
Show
View Real Time Build Order
Export as new Build Order

Astrea Protoss - Winner!

Build Orders: 1 Gate Expand, Oracle Opening 

Get SALT Encoding   

  12  0:00  Probe  
  13  0:12  Probe  
  14  0:17  Pylon  
  14  0:24  Probe (Chrono Boost)  
  15  0:37  Probe (Chrono Boost)  
  15  0:39  Gateway  
  16  0:44  Probe (Chrono Boost)  
  16  0:49  Assimilator  
  17  0:51  Probe  
  18  1:03  Probe  
  19  1:15  Probe  
  20  1:24  Nexus  
  20  1:29  Probe  
  21  1:38  Cybernetics Core  
  21  1:43  Assimilator  
  21  1:48  Probe  
  21  1:52  Pylon  
  22  2:00  Probe (Chrono Boost)  
  23  2:11  Adept (Chrono Boost)  
  23  2:12  Probe (Chrono Boost)  
  26  2:20  Probe (Chrono Boost)  
  26  2:22  Stargate  
  27  2:27  Probe (Chrono Boost)  
  28  2:30  Warp Gate  
  28  2:35  Adept  
  31  2:37  Probe (Chrono Boost)  
  32  2:45  Probe (Chrono Boost)  
  32  2:46  Probe (Chrono Boost)  
  34  2:51  Probe x2 (Chrono Boost)  
  35  3:02  Pylon  
  35  3:03  Probe x2, Oracle (Chrono Boost)  
  40  3:15  Probe  
  40  3:17  Gateway  
  40  3:18  Probe  
  42  3:28  Probe  
  42  3:30  Probe, Oracle (Chrono Boost)  
  47  3:40  Probe  
  48  3:42  Probe  
  48  3:44  Nexus  
  48  3:47  Pylon  
  49  3:52  Probe  
  49  3:54  Probe  
  51  3:58  Twilight Council  
  51  4:04  Probe  
  51  4:07  Probe  
  52  4:12  Gateway  
  52  4:14  Assimilator  
  52  4:15  Gateway  
  52  4:16  Probe  
  51  4:19  Adept x2  
  51  4:21  Probe  
  56  4:26  Pylon  
  56  4:27  Blink (Chrono Boost)  
  56  4:29  Probe  
  57  4:34  Probe  
  57  4:37  Pylon  
  58  4:41  Probe  
  58  4:44  Stalker  
  61  4:46  Probe  
  61  4:48  Stalker  
  64  4:53  Probe  
  64  4:57  Probe  
  64  4:58  Probe  
  67  5:05  Probe  
  68  5:08  Stalker x2  
  68  5:09  Probe  
  68  5:11  Probe  
  74  5:16  Shield Battery  
  74  5:17  Probe  
  74  5:18  Pylon  
  75  5:21  Probe  
  75  5:22  Stalker x2  
  75  5:23  Probe  
  81  5:29  Pylon  
  81  5:30  Probe  
  81  5:33  Probe  
  81  5:34  Stalker x2  
  87  5:38  Probe  
  87  5:42  Probe  
  89  5:43  Assimilator  
  89  5:45  Pylon  
  89  5:47  Stalker x2  
  91  5:57  Probe  
  91  5:58  Stalker x2  
  96  6:09  Pylon, Charge (Chrono Boost)  
  96  6:11  Forge  
  96  6:14  Nexus  
  96  6:16  Stalker x2  
  100  6:18  Pylon  
  99  6:31  Probe  
  100  6:34  Stalker x2  
  100  6:35  Probe  
  95  6:45  Probe x2  
  97  6:47  Probe  
  97  6:52  Gateway x2  
  98  6:55  Stalker x2  
  98  6:57  Probe, Assimilator  
  98  6:58  Probe  
  98  6:59  Probe, Robotics Facility  
  98  7:00  Gateway, Protoss Ground Weapons Level 1 (Chrono Boost)  
  105  7:02  Gateway  
  105  7:08  Photon Cannon  
  105  7:10  Probe x2 (Chrono Boost)  
  105  7:11  Probe (Chrono Boost)  
  105  7:17  Shield Battery  
  105  7:18  Photon Cannon  
  105  7:19  Assimilator  
  105  7:20  Sentry  
  105  7:22  Probe x2 (Chrono Boost)  
  110  7:23  Probe (Chrono Boost)  
  110  7:27  Stalker x3  
  110  7:29  Probe (Chrono Boost), Shield Battery  
  117  7:32  Probe (Chrono Boost), Photon Cannon  
  117  7:36  Probe x2  
  118  7:37  Oracle  
  118  7:41  Probe  
  124  7:44  Probe  
  124  7:48  Probe  
  124  7:49  Observer  
  126  7:52  Probe  
  126  7:55  Robotics Bay  
  126  7:57  Robotics Facility, Assimilator x2  
  126  7:58  Probe  
  128  7:59  Pylon, Photon Cannon  
  128  8:07  Probe x2  
  128  8:08  Zealot x7  
  128  8:12  Warp Prism (Chrono Boost)  
  146  8:22  Photon Cannon  
  143  8:35  Gateway  
  143  8:36  Gateway  
  143  8:39  Pylon  
  143  8:41  Pylon  
  139  8:45  Stalker x8  
  139  8:46  Protoss Ground Weapons Level 2 (Chrono Boost)  
  155  8:51  Pylon  
  155  8:53  Pylon  
  155  8:55  Disruptor x2 (Chrono Boost)  
  161  9:12  Gateway x2  
  161  9:13  Templar Archives  
  161  9:14  Pylon  
  161  9:15  Pylon  
  161  9:20  Zealot x5  
  161  9:21  Pylon  
  161  9:22  Disruptor x2 (Chrono Boost)  
  177  9:27  Zealot x3  
  165  9:38  Nexus  
  159  9:52  Pylon  
  159  9:54  Photon Cannon  
  159  9:55  Disruptor x2 (Chrono Boost), Shield Battery  
  159  9:59  Zealot x9  
  183  10:02  Zealot  
  169  10:10  Probe  
  145  10:20  Zealot x7  
  159  10:22  Probe x3  
  159  10:23  Disruptor x2  
  146  10:37  Stalker  
  146  10:38  Stalker x4  
  136  10:50  Probe  
  136  10:51  Stalker x4  
  137  10:59  Disruptor  
  124  11:05  Probe x2  
  116  11:12  Zealot x6  
  116  11:13  Zealot x2  
  116  11:14  Probe  
  116  11:17  Zealot x2  
  122  11:25  Disruptor  
  109  11:33  Zealot x2  
  109  11:34  Zealot x4  
  109  11:39  Disruptor  
  118  11:53  Nexus  
  116  11:57  High Templar x9  
  134  12:01  Archon x4  
  130  12:08  High Templar  
  130  12:09  Zealot  
  130  12:14  Pylon  
  130  12:15  Archon  
  134  12:16  Probe x4  
  138  12:28  Probe x4  
  142  12:36  Photon Cannon  
  142  12:37  Shield Battery  
  142  12:38  Observer x2 (Chrono Boost)  
  142  12:39  Shield Battery  
  142  12:40  Probe x4, Photon Cannon  
  142  12:42  Photon Cannon  
  148  12:46  Shield Battery  
  148  12:49  High Templar x2  
  152  12:52  Probe x3  
  152  12:53  Zealot x2  
  152  12:54  Zealot  
  152  12:55  Archon  
  159  13:05  Zealot x5  
  159  13:08  Stalker  
  159  13:11  Probe  
  160  13:19  Zealot x3  
  160  13:31  Zealot x7  
Tags
 
Add a new tag
Caveats
  • Supply blocks, unpowered buildings, or Contaminate may cause inaccurate times.
  • Supply counts are checked every 10 seconds.